[Event "Thursday Night Engine Tour 7rd Swiss 12m+1s Starts at 2200hrs ST"]
[Site "Infinity Chess"]
[Date "2018.4.5"]
[Round "3"]
[White "MrScience"]
[Black "SkyPilot"]
[Result "1/2-1/2"]
[ECO "E60"]
[WhiteElo "2449"]
[BlackElo "2454"]
[WhiteEngine "cfish"]
[BlackEngine "stockfish_x64_bmi2_2018_03_30_CTG"]
[EventType "Swiss"]
[WhiteTeam ""]
[BlackTeam ""]
[PlyCount "97"]
[TimeControl "720+1"]

1. d4 Nf6 2. c4 g6 3. Nf3 d6 4. Nc3 Bg7 5. e4 O-O 6. Be3 e5 7. dxe5 dxe5 
8. Qc2 c6 9. Bc5 Re8 10. Rd1 Nbd7 11. Be2 Nh5 12. g3 Qf6 13. Rd6 Re6 
14. Rxe6 Qxe6 15. Be3 Qe7 16. O-O Nf8 17. Rd1 Bg4 18. Ne1 Bxe2 19. Nxe2 Nf6 
20. f3 N6d7 21. Kg2 Ne6 22. b3 Ndc5 23. Nd3 Nxd3 24. Rxd3 b6 25. Rd2 Bf8 
26. Nc1 f6 27. Nd3 Rd8 28. Qc3 h5 29. b4 Kh7 30. c5 b5 31. Nc1 Bh6 32. Bxh6 Kxh6 
33. Qe3+ g5 34. Rd3 Kh7 35. Rxd8 Nxd8 36. Qd2 Ne6 37. Kf2 a5 38. a3 a4 
39. Qd3 Kg7 40. Ne2 g4 41. f4 Nd8 42. Kg2 Nf7 43. h3 Qe6 44. hxg4 hxg4 
45. Nc1 Qe7 46. Qe2 Qe6 47. Qd3 Nh6 48. Kf2 Nf7 49. Kg2 1/2-1/2

[Event "Thursday Night Engine Tour 7rd Swiss 12m+1s Starts at 2200hrs ST"]
[Site "Infinity Chess"]
[Date "2018.4.5"]
[Round "3"]
[White "Deep_Impact"]
[Black "Seliga"]
[Result "1-0 "]
[ECO "C68"]
[WhiteElo "2458"]
[BlackElo "2455"]
[WhiteEngine "BrainFish_180404_x64_bmi2"]
[BlackEngine "SF9 ''M24''_CTG"]
[EventType "Swiss"]
[WhiteTeam ""]
[BlackTeam ""]
[PlyCount "220"]
[TimeControl "720+1"]

1. e4 e5 2. Nf3 Nc6 3. Bb5 a6 4. Bc4 Nf6 5. d3 Bc5 6. Nc3 d6 7. Bg5 h6 
8. Bxf6 Qxf6 9. Nd5 Qd8 10. c3 Ba7 11. Bb3 O-O 12. O-O Ne7 13. d4 Nxd5 
14. Bxd5 Qe7 15. Qd3 a5 16. h3 a4 17. a3 c6 18. Ba2 Bb6 19. Rad1 Bc7 20. Qd2 Qf6 
21. Qe3 Kh7 22. Rfe1 g6 23. Qd3 Qe7 24. Qd2 Re8 25. Re3 Kg7 26. Ne1 Rf8 
27. dxe5 dxe5 28. Rd3 f5 29. Qe3 Rf6 30. R3d2 f4 31. Qe2 h5 32. Qc4 Kh6 
33. Qb4 c5 34. Qc4 Ra5 35. Nf3 b5 36. Qg8 Rf8 37. Qd5 Ra6 38. h4 Rb6 39. c4 Be6 
40. Qd3 b4 41. axb4 Rxb4 42. Ng5 Rfb8 43. Qc3 Bg4 44. f3 Be6 45. Kh2 R4b7 
46. Qa3 Ra7 47. Bb1 Rb3 48. Qa1 Rb8 49. Bc2 Rb4 50. Rd3 Kg7 51. Ra3 Bd7 
52. b3 Ra5 53. bxa4 Be8 54. Rd2 Rxc4 55. Bb3 Rb4 56. Qc3 Ra6 57. Bc4 Raxa4 
58. Rxa4 Bxa4 59. Ra2 Qd6 60. Bd5 Bd7 61. Ra7 Kf8 62. Nf7 Qe7 63. Qe1 Bb8 
64. Ra6 Kg7 65. Ng5 Bc8 66. Ra8 Qd6 67. Qa1 Rb6 68. Qa5 Rb4 69. Qa2 Rb6 
70. Ra5 Qe7 71. Qc2 Bd6 72. Qc4 Bd7 73. Qd3 Bc7 74. Qc3 c4 75. Qxc4 Bb8 
76. Ra8 Kf6 77. Qc2 Qd6 78. Nf7 Qe7 79. Ba2 Rb7 80. Ng5 Qb4 81. Rxb8 Rxb8 
82. Qc7 Qb6 83. Nh7+ Ke7 84. Qxe5+ Kd8 85. Nf6 Qc7 86. Qg5 Kc8 87. Nd5 Qc2 
88. Ne7+ Kb7 89. Bd5+ Ka7 90. Nxg6 Qc5 91. Nxf4 Rb1 92. Nd3 Qd6+ 93. Ne5 Be8 
94. f4 Qc7 95. Qf6 Rc1 96. Qh8 Qe7 97. Nf3 Qd6 98. Qg7+ Rc7 99. Qg3 Kb6 
100. Nd4 Ba4 101. Qf2 Ka5 102. g3 Qb6 103. Kg2 Rd7 104. f5 Rd6 105. Kh2 Ka6 
106. Qf1+ Ka7 107. Qc4 Be8 108. e5 Rxd5 109. Qxd5 Qb2+ 110. Kg1 Qc1+ 1-0

[Event "Thursday Night Engine Tour 7rd Swiss 12m+1s Starts at 2200hrs ST"]
[Site "Infinity Chess"]
[Date "2018.4.5"]
[Round "3"]
[White "KRAKEN"]
[Black "Macho"]
[Result "1/2-1/2"]
[ECO "D30"]
[WhiteElo "2482"]
[BlackElo "2461"]
[WhiteEngine "Raubfisch X38a_CTG"]
[BlackEngine "asmFishW_2018-04-01_popcnt_CTG"]
[EventType "Swiss"]
[WhiteTeam ""]
[BlackTeam ""]
[PlyCount "108"]
[TimeControl "720+1"]

1. d4 d5 2. c4 e6 3. Nf3 Nf6 4. Nc3 c6 5. Bg5 h6 6. Bxf6 Qxf6 7. e3 Bd6 
8. Bd3 dxc4 9. Bxc4 Nd7 10. Ne4 Bb4+ 11. Ke2 Qe7 12. a3 f5 13. axb4 fxe4 
14. Ne5 Nxe5 15. dxe5 Qxb4 16. Qb3 Qe7 17. Qc2 Qh4 18. f4 exf3+ 19. gxf3 O-O 
20. Rag1 Qh5 21. Rg3 Qxe5 22. Rhg1 Rf7 23. f4 Qh5+ 24. Kf2 b5 25. Qc3 Qxh2+ 
26. Ke1 Qh4 27. Bb3 c5 28. Ke2 Qe7 29. Qe5 c4 30. Bc2 Bb7 31. Rg6 Qd7 
32. Rxe6 Raf8 33. Bg6 b4 34. Bxf7+ Rxf7 35. Rd6 Qe7 36. Qxe7 Rxe7 37. Rxh6 Be4 
38. Rh5 c3 39. bxc3 bxc3 40. Re5 Rxe5 41. fxe5 Kf7 42. Rg4 c2 43. Kd2 Bd3 
44. Rd4 Bh7 45. Rd7+ Ke6 46. Rxg7 Bf5 47. Rxa7 Kxe5 48. Re7+ Kd6 49. Re8 Bg6 
50. Rb8 Be4 51. Rc8 Bg6 52. Ra8 Be4 53. Ra1 Ke5 54. Rc1 Bf5 1/2-1/2

[Event "Thursday Night Engine Tour 7rd Swiss 12m+1s Starts at 2200hrs ST"]
[Site "Infinity Chess"]
[Date "2018.4.5"]
[Round "3"]
[White "THE_MACHINE"]
[Black "OlivierEvan"]
[Result "1/2-1/2"]
[ECO "B06"]
[WhiteElo "2483"]
[BlackElo "2477"]
[WhiteEngine "BrainFish_180404_x64_bmi2"]
[BlackEngine "Houdini 6"]
[EventType "Swiss"]
[WhiteTeam ""]
[BlackTeam ""]
[PlyCount "177"]
[TimeControl "720+1"]

1. e4 g6 2. d4 Bg7 3. Nc3 d6 4. Be3 a6 5. h4 Nf6 6. f3 c6 7. a4 h5 8. a5 O-O 
9. Nh3 Bxh3 10. Rxh3 Nbd7 11. g4 Rc8 12. Be2 c5 13. d5 b5 14. axb6 Qxb6 
15. Na4 Qb7 16. g5 Ne8 17. c3 f5 18. gxf6 Nexf6 19. Qc2 Ne5 20. O-O-O Rb8 
21. Rg1 Kh7 22. Rhg3 Qb3 23. Qxb3 Rxb3 24. Kc2 Rb7 25. b3 Bh6 26. Bxh6 Kxh6 
27. Nb2 Nfd7 28. Nd3 Kh7 29. Nxe5 Nxe5 30. Ra1 Kh6 31. Rxa6 Rbb8 32. Ra3 Rf4 
33. Rh3 Rff8 34. Rg3 Rf4 35. Rh3 Rff8 36. Kd2 Ra8 37. Ra4 c4 38. Rxa8 Rxa8 
39. bxc4 Ra2+ 40. Ke3 Rc2 41. Rg3 Rxc3+ 42. Kd4 Ra3 43. c5 Ra4+ 44. Ke3 dxc5 
45. Rg1 Kg7 46. Kf4 Nf7 47. Bb5 Ra3 48. Be8 c4 49. Bxf7 Kxf7 50. Rc1 c3 
51. Ke5 c2 52. Rxc2 Rxf3 53. Rc7 Rd3 54. Ra7 Rd1 55. Ra2 Rf1 56. Rg2 Rf3 
57. Rc2 Ra3 58. Rc7 Rd3 59. Rc2 Rf3 60. Rc1 Rb3 61. Rf1+ Ke8 62. Rg1 Kf7 
63. Rf1+ Ke8 64. Rd1 Rf3 65. Rb1 Ra3 66. Rb7 Rf3 67. Rb8+ Kf7 68. Rb7 Ke8 
69. Rb8+ Kf7 70. Rb1 Rf2 71. d6 exd6+ 72. Kxd6 Ra2 73. Rf1+ Kg8 74. e5 Ra6+ 
75. Kd7 Ra7+ 76. Kc6 Ra6+ 77. Kb5 Re6 78. Re1 Kg7 79. Kc4 Kf7 80. Kc5 Ke7 
81. Re2 Ra6 82. Kb5 Ra3 83. Rg2 Ke6 84. Rg1 Kf7 85. e6+ Kxe6 86. Rxg6+ Ke5 
87. Kc4 Ra4+ 88. Kc3 Rxh4 89. Kd3 1/2-1/2

[Event "Thursday Night Engine Tour 7rd Swiss 12m+1s Starts at 2200hrs ST"]
[Site "Infinity Chess"]
[Date "2018.4.5"]
[Round "3"]
[White "MarioDeMonti"]
[Black "Murx"]
[Result "1/2-1/2"]
[ECO "C42"]
[WhiteElo "2495"]
[BlackElo "2512"]
[WhiteEngine "stockfish_x64_bmi2_2018_02_18_CTG"]
[BlackEngine "BrainFish_180404_x64_modern"]
[EventType "Swiss"]
[WhiteTeam ""]
[BlackTeam ""]
[PlyCount "229"]
[TimeControl "720+1"]

1. e4 e5 2. Nf3 Nf6 3. Nxe5 d6 4. Nf3 Nxe4 5. d4 d5 6. Bd3 Nc6 7. O-O Be7 
8. c4 Nb4 9. Be2 O-O 10. Nc3 Bf5 11. a3 Nxc3 12. bxc3 Nc6 13. Re1 Re8 
14. cxd5 Qxd5 15. Bf4 Rac8 16. Bd3 Qd7 17. Rb1 Bxd3 18. Qxd3 b6 19. d5 Bf8 
20. c4 f6 21. h3 Bc5 22. Bd2 Re7 23. Bc3 Rf8 24. Qc2 Ne5 25. Bxe5 fxe5 
26. Rxe5 Rxe5 27. Nxe5 Qe7 28. Nd3 Bxa3 29. Re1 Qf6 30. c5 bxc5 31. Nxc5 Qf5 
32. Ne4 Bb4 33. Rd1 a5 34. f3 Qe5 35. Qa2 Kh8 36. Kh1 h6 37. Qc4 Ra8 38. Qc6 Re8 
39. Qd7 Ra8 40. Qc6 Rf8 41. Qc4 Rd8 42. Qc6 Kg8 43. Qa6 Qe7 44. Kg1 Rb8 
45. Qc4 Bd6 46. Qa6 Bb4 47. Kh1 Qe5 48. Kg1 Qf4 49. Kh1 Qe5 50. Qc6 Kh7 
51. Rc1 Rd8 52. Rd1 Rf8 53. Rc1 Rd8 54. Rd1 Kg8 55. Qb5 Kh8 56. Kg1 Kh7 
57. Qc4 Qf4 58. Kh1 Kh8 59. Kg1 Rd7 60. Qd3 Rd8 61. Qc4 Rd7 62. Qa6 Qf7 
63. Qc8+ Kh7 64. Qa8 Qf4 65. Qa7 Rd8 66. Kh1 Qf7 67. Qd4 Qf4 68. Qa7 Rf8 
69. Qa6 Kh8 70. Qb5 Kg8 71. Qd7 Qf7 72. Qb5 Qf4 73. Ra1 Qe5 74. Rc1 Rd8 
75. Rd1 Re8 76. Qd7 Bd6 77. Nxd6 cxd6 78. Rc1 Kh7 79. Qa4 Qe3 80. Rd1 Qe2 
81. Ra1 Qb2 82. Qxa5 Re2 83. Qa4 Qe5 84. Qd1 h5 85. Rb1 g5 86. Rb7+ Kh6 
87. Rb1 Kg6 88. Qd3+ Kh6 89. Qd1 Qe3 90. Qf1 Kg6 91. Qg1 Qe5 92. Qf1 h4 
93. Qd1 Kf6 94. Qd3 Re1+ 95. Rxe1 Qxe1+ 96. Kh2 Qg3+ 97. Kg1 Qe5 98. Kf1 Qa1+ 
99. Ke2 Qa2+ 100. Ke3 Qxg2 101. Qd4+ Kf7 102. Qg4 Qg3 103. Qe6+ Kg7 
104. Ke4 Qf4+ 105. Kd3 Qxf3+ 106. Kc4 g4 107. Qe7+ Qf7 108. Qg5+ Qg6 
109. Qxh4 Qe4+ 110. Kb5 Qxd5+ 111. Kb6 g3 112. Qxg3+ Kf6 113. h4 Qc5+ 
114. Kb7 d5 115. Qg5+ 1/2-1/2

[Event "Thursday Night Engine Tour 7rd Swiss 12m+1s Starts at 2200hrs ST"]
[Site "Infinity Chess"]
[Date "2018.4.5"]
[Round "2"]
[White "fati64"]
[Black "KRAKEN"]
[Result "0-1"]
[ECO "C77"]
[WhiteElo "2444"]
[BlackElo "2467"]
[WhiteEngine "Raubfisch ME262_GTZ17"]
[BlackEngine "Raubfisch X38a_CTG"]
[EventType "Swiss"]
[WhiteTeam ""]
[BlackTeam ""]
[PlyCount "148"]
[TimeControl "720+1"]

1. e4 e5 2. Nf3 Nc6 3. Bb5 a6 4. Ba4 Nf6 5. d3 Bc5 6. c3 d6 7. O-O O-O 8. Bg5 h6 
9. Bh4 g5 10. Bg3 Ba7 11. Nbd2 Ne7 12. Bb3 Nh5 13. Nxe5 Nxg3 14. Nxf7 Rxf7 
15. Bxf7+ Kxf7 16. hxg3 Kg7 17. a4 Be6 18. Re1 Ng6 19. d4 Qe7 20. b4 Rf8 
21. a5 h5 22. Qxh5 Ne5 23. Qd1 g4 24. f4 gxf3 25. Nxf3 Bg4 26. Rf1 Nxf3+ 
27. gxf3 Bh3 28. Qd2 Bxf1 29. Rxf1 Qf6 30. Kg2 Rh8 31. Qe3 Bb8 32. Rh1 Rxh1 
33. Kxh1 Qh6+ 34. Qxh6+ Kxh6 35. Kg2 c5 36. bxc5 dxc5 37. d5 Bc7 38. f4 Kg7 
39. e5 Bxa5 40. d6 Kf7 41. g4 Bd8 42. Kf3 a5 43. Ke4 a4 44. Kd3 b5 45. Kd2 Ke6 
46. g5 Kf5 47. Kc2 b4 48. Kb2 b3 49. c4 Bb6 50. Ka3 Ba5 51. Kb2 Bb4 52. d7 Ba5 
53. Ka3 Bb6 54. Kb2 Bc7 55. Kc3 Kg6 56. Kb2 Kf7 57. Kc3 Ke7 58. Kb2 Kxd7 
59. Ka3 Ke8 60. Kb2 Ba5 61. g6 Bd2 62. g7 Kf7 63. f5 Kxg7 64. f6+ Kf7 
65. Ka3 Bc1+ 66. Kxa4 b2 67. Kb5 b1=Q+ 68. Kxc5 Be3+ 69. Kd6 Qd3+ 70. Kc7 Qxc4+ 
71. Kb7 Qb5+ 72. Kc8 Ba7 73. e6+ Kxe6 74. f7 Qd7# 0-1

[Event "Thursday Night Engine Tour 7rd Swiss 12m+1s Starts at 2200hrs ST"]
[Site "Infinity Chess"]
[Date "2018.4.5"]
[Round "2"]
[White "beka"]
[Black "star99"]
[Result "1/2-1/2 "]
[ECO "B63"]
[WhiteElo "2351"]
[BlackElo "2370"]
[WhiteEngine "stockfish_18032408_32bit"]
[BlackEngine "Cryptic Heroes 9.3B"]
[EventType "Swiss"]
[WhiteTeam ""]
[BlackTeam ""]
[PlyCount "198"]
[TimeControl "720+1"]

1. e4 c5 2. Nf3 d6 3. d4 cxd4 4. Nxd4 Nf6 5. Nc3 Nc6 6. Bg5 e6 7. Qd2 Be7 
8. O-O-O O-O 9. f4 Nxd4 10. Qxd4 Qa5 11. Be2 h6 12. Bh4 e5 13. Qd3 exf4 
14. Kb1 Be6 15. Be1 Rfe8 16. Rf1 Qe5 17. g3 f3 18. Bxf3 Rac8 19. Rh1 Qc5 
20. Nd5 Nxd5 21. exd5 Bd7 22. Bc3 Bf6 23. Bxf6 Re3 24. Bd4 Rxd3 25. Bxc5 Rxd1+ 
26. Rxd1 Rxc5 27. c3 f5 28. Kc2 Kf7 29. b3 Kf6 30. Rd2 g5 31. c4 g4 32. Bd1 Rc8 
33. Kd3 h5 34. Kd4 b5 35. Rf2 bxc4 36. bxc4 Re8 37. Re2 Rb8 38. Rf2 a5 
39. a3 Rb1 40. Bc2 Ra1 41. Bd3 Rxa3 42. Rb2 a4 43. Rb7 Be8 44. Rb6 Ke7 
45. Rb7+ Kf6 46. Rb8 Ke7 47. Bxf5 Ra2 48. Bd3 Rd2 49. Ke3 Rd1 50. c5 a3 
51. cxd6+ Kxd6 52. Ra8 Kxd5 53. Rxa3 Kd6 54. Ra7 Re1+ 55. Kf4 Rd1 56. Bf5 Rd2 
57. Rh7 Rf2+ 58. Kg5 Rxh2 59. Rh6+ Kc5 60. Rh7 Kd6 61. Rh6+ Kc5 62. Rh7 Rh1 
63. Re7 Bb5 64. Re5+ Kb4 65. Bg6 Rh3 66. Bxh5 Rxg3 67. Bxg4 Bd7 68. Re7 Rxg4+ 
69. Kf6 Bb5 70. Kf5 Rd4 71. Rc7 Rd3 72. Ke5 Bc4 73. Rb7+ Kc3 74. Rb1 Re3+ 
75. Kd6 Rg3 76. Kc5 Rg5+ 77. Kb6 Bd3 78. Rh1 Kb4 79. Rh4+ Bc4 80. Rh6 Kc3 
81. Rc6 Kd4 82. Rd6+ Bd5 83. Rf6 Rg1 84. Rf4+ Be4 85. Ka6 Ke5 86. Rh4 Bd5 
87. Rb4 Rg6+ 88. Ka5 Rg7 89. Rb5 Rg6 90. Kb4 Kd4 91. Rb8 Ra6 92. Rb5 Ra8 
93. Ra5 Rc8 94. Rb5 Ra8 95. Rc5 Rf8 96. Rb5 Rf6 97. Rb8 Ra6 98. Rb5 Ra7 
99. Ra5 Rh7 1/2-1/2

[Event "Thursday Night Engine Tour 7rd Swiss 12m+1s Starts at 2200hrs ST"]
[Site "Infinity Chess"]
[Date "2018.4.5"]
[Round "2"]
[White "Dovahkiin"]
[Black "ocirema"]
[Result "1/2-1/2"]
[ECO "C24"]
[WhiteElo "2377"]
[BlackElo "2416"]
[WhiteEngine "corchess_x64_modern_CTG"]
[BlackEngine "asmFishW_2018-04-01_popcnt_CTG"]
[EventType "Swiss"]
[WhiteTeam ""]
[BlackTeam ""]
[PlyCount "117"]
[TimeControl "720+1"]

1. e4 e5 2. Bc4 Nf6 3. d3 Nc6 4. Nf3 Bc5 5. a4 a5 6. c3 O-O 7. O-O d6 8. Bg5 h6 
9. Bh4 g5 10. Bg3 Kg7 11. Nbd2 Ba7 12. Re1 Nh7 13. h3 h5 14. d4 g4 15. Nh4 exd4 
16. Rc1 gxh3 17. Ndf3 dxc3 18. Rxc3 hxg2 19. Kxg2 Bg4 20. Nf5+ Kh8 21. Nh6 Qf6 
22. Nxg4 hxg4 23. Nh4 Rae8 24. Bb5 Bc5 25. e5 Qg5 26. Rh1 Nxe5 27. Bxe8 Rxe8 
28. Qc2 Ng6 29. Nf5 Re6 30. Qd3 Nf4+ 31. Bxf4 Qxf4 32. Rc2 Kg8 33. Ne7+ Kf8 
34. Nd5 Qf3+ 35. Qxf3 gxf3+ 36. Kxf3 Ng5+ 37. Kf4 Re4+ 38. Kxg5 Re5+ 
39. Kg4 Rxd5 40. f4 Rd4 41. Rh8+ Ke7 42. Re2+ Kd7 43. Rf8 Rxa4 44. Rxf7+ Kc6 
45. Ree7 Bb6 46. b3 Rb4 47. Rh7 Rxb3 48. f5 Rb4+ 49. Kg5 Rb1 50. f6 Rg1+ 
51. Kh4 Rh1+ 52. Kg4 Rg1+ 53. Kh4 Rh1+ 54. Kg5 Rg1+ 55. Kf5 Rf1+ 56. Kg6 Rg1+ 
57. Kf5 Rf1+ 58. Kg6 Rg1+ 59. Kf5 1/2-1/2

[Event "Thursday Night Engine Tour 7rd Swiss 12m+1s Starts at 2200hrs ST"]
[Site "Infinity Chess"]
[Date "2018.4.5"]
[Round "2"]
[White "Thinker"]
[Black "MrScience"]
[Result "1/2-1/2"]
[ECO "C50"]
[WhiteElo "2442"]
[BlackElo "2449"]
[WhiteEngine "BrainFish_180329_x64_modern_CTG"]
[BlackEngine "cfish"]
[EventType "Swiss"]
[WhiteTeam ""]
[BlackTeam ""]
[PlyCount "128"]
[TimeControl "720+1"]

1. e4 e5 2. Nf3 Nc6 3. Bc4 Bc5 4. O-O Nf6 5. d3 d6 6. c3 O-O 7. h3 a5 8. Nbd2 h6 
9. Re1 Be6 10. b3 Bb6 11. a4 d5 12. Bb5 Ne7 13. exd5 Nfxd5 14. Qc2 c6 
15. Bc4 Ng6 16. d4 Ndf4 17. dxe5 Nh4 18. Bf1 Bd5 19. Re4 Nfg6 20. Bc4 Re8 
21. g3 Nxf3+ 22. Nxf3 Qd7 23. Bxd5 cxd5 24. Rg4 Qc6 25. Nd4 Bxd4 26. Rxd4 Nxe5 
27. Kg2 b5 28. axb5 Qxb5 29. Qd1 Qb7 30. Rxd5 a4 31. f3 axb3 32. Rxa8 Rxa8 
33. Rxe5 b2 34. Bxb2 Qxb2+ 35. Qe2 Qxc3 36. Re8+ Rxe8 37. Qxe8+ Kh7 
38. Qxf7 Qc2+ 39. Kf1 Qd1+ 40. Kg2 Qe2+ 41. Kh1 Qf1+ 42. Kh2 Qf2+ 43. Kh1 Qxg3 
44. Qf5+ Kg8 45. Qe6+ Kh7 46. Qe4+ Kg8 47. Qf5 Qe1+ 48. Kg2 h5 49. Qd5+ Kf8 
50. Qxh5 Qd2+ 51. Kg3 Qd6+ 52. Kf2 g6 53. Qh6+ Kg8 54. Kg2 Kf7 55. Qe3 Kg7 
56. f4 Kh7 57. Kf2 Qd5 58. h4 Qd1 59. Qe7+ Kh6 60. f5 Qc2+ 61. Kg3 Qxf5 
62. Qe3+ Kg7 63. Qe7+ Kh6 64. Qe3+ Kh7 1/2-1/2

[Event "Thursday Night Engine Tour 7rd Swiss 12m+1s Starts at 2200hrs ST"]
[Site "Infinity Chess"]
[Date "2018.4.5"]
[Round "2"]
[White "SkyPilot"]
[Black "Seliga"]
[Result "1/2-1/2"]
[ECO "D30"]
[WhiteElo "2454"]
[BlackElo "2455"]
[WhiteEngine "stockfish_x64_bmi2_2018_03_30_CTG"]
[BlackEngine "SF9 ''M24''_CTG"]
[EventType "Swiss"]
[WhiteTeam ""]
[BlackTeam ""]
[PlyCount "119"]
[TimeControl "720+1"]

1. d4 d5 2. c4 e6 3. Nf3 Nf6 4. Nc3 c6 5. Bg5 h6 6. Bh4 dxc4 7. e4 g5 8. Bg3 b5 
9. Be2 Bb7 10. O-O Nbd7 11. Ne5 Bg7 12. Nxd7 Nxd7 13. Bd6 a6 14. a4 b4 
15. Bxb4 Qb6 16. Ba3 Qxd4 17. Qc2 c5 18. Rad1 Qe5 19. Bxc4 Qc7 20. Ne2 Be5 
21. Kh1 O-O 22. b3 Rfd8 23. f4 gxf4 24. Bc1 Nf6 25. Nxf4 Nxe4 26. Qe2 Rxd1 
27. Qxd1 Bg7 28. Qg4 Qe5 29. Nh5 Qd4 30. h3 Nd6 31. Rf4 Qa1 32. Kh2 Kh8 
33. Qxg7+ Qxg7 34. Nxg7 Kxg7 35. Bb2+ Kg8 36. Rf6 Nxc4 37. bxc4 Kf8 38. Rxh6 Ke7 
39. g4 Be4 40. Kg3 Bc2 41. h4 Bxa4 42. h5 Bc2 43. Be5 Rg8 44. Bf6+ Kd6 
45. Kf4 a5 46. g5 a4 47. Bb2 Ke7 48. Ba3 Kd6 49. Bb2 Kc6 50. Rf6 Rb8 51. Be5 Rb1 
52. g6 fxg6 53. hxg6 Rf1+ 54. Kg5 Rg1+ 55. Kh6 a3 56. g7 Rh1+ 57. Kg5 Rg1+ 
58. Kh6 Rh1+ 59. Kg5 Rg1+ 60. Kh6 1/2-1/2

[Event "Thursday Night Engine Tour 7rd Swiss 12m+1s Starts at 2200hrs ST"]
[Site "Infinity Chess"]
[Date "2018.4.5"]
[Round "2"]
[White "OlivierEvan"]
[Black "Deep_Impact"]
[Result "1/2-1/2"]
[ECO "A06"]
[WhiteElo "2478"]
[BlackElo "2457"]
[WhiteEngine "Houdini 6"]
[BlackEngine "BrainFish_180404_x64_bmi2"]
[EventType "Swiss"]
[WhiteTeam ""]
[BlackTeam ""]
[PlyCount "156"]
[TimeControl "720+1"]

1. Nf3 d5 2. b3 Nf6 3. Bb2 Bf5 4. g3 c5 5. Bg2 Nc6 6. O-O e6 7. d3 Be7 
8. Nbd2 O-O 9. Ne5 Nxe5 10. Bxe5 Bg6 11. Rb1 Nd7 12. Ba1 f6 13. e4 d4 
14. e5 Nxe5 15. Bxb7 Rb8 16. Bg2 Nf7 17. f4 Qd7 18. Qf3 Nd6 19. Qc6 Qxc6 
20. Bxc6 Be8 21. Bf3 Kf7 22. Rf2 Bd7 23. Rc1 Rbc8 24. Kg2 g6 25. c3 dxc3 
26. Bxc3 Nb5 27. Ba5 Nd4 28. Bb7 Bc6+ 29. Bxc6 Rxc6 30. Nc4 Ra6 31. Rd2 h6 
32. Bc3 Nf5 33. g4 Nd6 34. h4 Rd8 35. Ne3 Nb5 36. Ba1 Nd4 37. Nc4 Rd5 
38. Re1 Bd6 39. Rf1 Bc7 40. Bc3 Nb5 41. Ba1 Nd4 42. Ne3 Rd7 43. g5 f5 
44. Nc4 hxg5 45. hxg5 Kf8 46. Bxd4 Rxd4 47. Kg3 Kg7 48. Rf3 e5 49. Nxe5 Bxe5 
50. fxe5 Rg4+ 51. Kf2 Rxg5 52. Rc2 Kf7 53. Rxc5 Rxa2+ 54. Ke3 Ke6 55. d4 Ra6 
56. Kd2 Rg2+ 57. Kc3 Rg1 58. Kc2 g5 59. Rh3 Ra2+ 60. Kd3 Rd1+ 61. Kc3 Rc1+ 
62. Kd3 Rxc5 63. Rh6+ Ke7 64. dxc5 g4 65. c6 Ra1 66. b4 Rc1 67. Rg6 Kf7 
68. Rf6+ Ke7 69. Rxf5 Rxc6 70. Rg5 Ke6 71. Kd4 Rb6 72. Kc4 Rc6+ 73. Kd4 Rb6 
74. Kc4 g3 75. Rxg3 Kxe5 76. Re3+ Kd6 77. b5 Rb7 78. Rd3+ Kc7 1/2-1/2

[Event "Thursday Night Engine Tour 7rd Swiss 12m+1s Starts at 2200hrs ST"]
[Site "Infinity Chess"]
[Date "2018.4.5"]
[Round "2"]
[White "MarioDeMonti"]
[Black "THE_MACHINE"]
[Result "1/2-1/2"]
[ECO "C55"]
[WhiteElo "2496"]
[BlackElo "2482"]
[WhiteEngine "stockfish_x64_bmi2_2018_02_18_CTG"]
[BlackEngine "BrainFish_180404_x64_bmi2"]
[EventType "Swiss"]
[WhiteTeam ""]
[BlackTeam ""]
[PlyCount "166"]
[TimeControl "720+1"]

1. e4 e5 2. Nf3 Nc6 3. Bc4 Nf6 4. d3 Bc5 5. c3 d6 6. O-O O-O 7. Nbd2 a5 
8. h3 Be6 9. Bb5 h6 10. Re1 Qb8 11. Nf1 Qa7 12. Ne3 a4 13. Bxc6 bxc6 14. Nh4 Kh7 
15. Qf3 Bxe3 16. Bxe3 Qa6 17. c4 Ng8 18. c5 Qxd3 19. cxd6 cxd6 20. Nf5 Qb5 
21. Nxd6 Qxb2 22. Reb1 Qa3 23. Nb7 Rfb8 24. Qe2 Nf6 25. Bc5 Qc3 26. Rc1 Bc4 
27. Rxc3 Bxe2 28. Nd6 Kg8 29. f3 Bb5 30. Be3 Nd7 31. Rc2 Nf8 32. Rb1 f6 
33. Rcb2 Ne6 34. h4 Kh7 35. Nxb5 cxb5 36. Rxb5 Rxb5 37. Rxb5 Rc8 38. Rb2 Rc3 
39. Bd2 Rc4 40. Be3 Rc3 41. Bd2 Rc6 42. Be3 Kg6 43. Kf2 Rc4 44. Rd2 Rc3 
45. Bb6 Nf4 46. Kg3 Rc6 47. Be3 Ne6 48. Kf2 Rc3 49. Rd6 Nf4 50. g3 Nh5 
51. Bd2 Ra3 52. g4 Nf4 53. h5+ Kh7 54. Bxf4 exf4 55. Rd2 Rc3 56. Rb2 Kg8 
57. Rb8+ Kf7 58. Rb7+ Ke6 59. Rxg7 a3 60. Ra7 Kd6 61. Rf7 Ke5 62. Re7+ Kd6 
63. Rf7 Ke6 64. Ra7 Ke5 65. Ra6 Rc2+ 66. Kg1 Rxa2 67. Ra4 Ke6 68. Ra7 Ke5 
69. Ra4 Ra1+ 70. Kg2 a2 71. Ra5+ Kd4 72. e5 fxe5 73. g5 hxg5 74. h6 Rc1 
75. h7 Rc2+ 76. Kh1 Rc8 77. Rxa2 e4 78. fxe4 f3 79. Kh2 Kxe4 80. h8=Q Rxh8+ 
81. Kg3 f2 82. Ra4+ Kd3 83. Ra3+ Kc2 1/2-1/2

[Event "Thursday Night Engine Tour 7rd Swiss 12m+1s Starts at 2200hrs ST"]
[Site "Infinity Chess"]
[Date "2018.4.5"]
[Round "2"]
[White "Murx"]
[Black "Macho"]
[Result "1-0"]
[ECO "C50"]
[WhiteElo "2497"]
[BlackElo "2476"]
[WhiteEngine "BrainFish_180404_x64_modern"]
[BlackEngine "asmFishW_2018-04-01_popcnt_CTG"]
[EventType "Swiss"]
[WhiteTeam ""]
[BlackTeam ""]
[PlyCount "161"]
[TimeControl "720+1"]

1. e4 e5 2. Nf3 Nc6 3. Bc4 Bc5 4. d3 Nf6 5. O-O d6 6. c3 a5 7. Re1 O-O 
8. Nbd2 Be6 9. Bb5 Ng4 10. Re2 Nf6 11. h3 h6 12. Nf1 Ne7 13. d4 Bb6 14. Ng3 exd4 
15. cxd4 d5 16. e5 Ne4 17. Nxe4 dxe4 18. Rxe4 c5 19. Bd3 cxd4 20. Rh4 Ng6 
21. Rh5 f5 22. exf6 Rxf6 23. Nh2 Qc7 24. Ng4 Bxg4 25. hxg4 Nf4 26. Bxf4 Qxf4 
27. g5 Qxf2+ 28. Kh1 Rc6 29. gxh6 g6 30. Qb3+ Kh8 31. Rf1 a4 32. Qd5 Qg3 
33. Qf7 Qc7 34. Rg5 Qxf7 35. Rxf7 Rg8 36. h7 Rd8 37. g3 Rdd6 38. Re5 Rd8 
39. Kg2 Bc7 40. Ree7 Bd6 41. Rxb7 Bf8 42. Kh3 Re6 43. Ra7 Bc5 44. Rxa4 Bd6 
45. Rxd4 Re3 46. Kg2 Rxg3+ 47. Kf2 Bc5 48. Kxg3 Bxd4 49. Bxg6 Bxb2 50. a4 Ba1 
51. a5 Bb2 52. Bf5 Ba1 53. a6 Bd4 54. Kh4 Ra8 55. Kh5 Ba7 56. Rf6 Bg1 
57. Rc6 Bf2 58. Kg6 Rf8 59. Rc7 Bb6 60. Rd7 Be3 61. Be6 Re8 62. Bd5 Rb8 
63. Rc7 Rd8 64. Be6 Re8 65. Kf7 Rb8 66. Bf5 Ra8 67. Bc8 Bd4 68. Rc2 Bg7 
69. Rc4 Bh6 70. Rg4 Bg7 71. Bb7 Rf8+ 72. Kg6 Rf6+ 73. Kg5 Rb6 74. a7 Rb5+ 
75. Kg6 Rb6+ 76. Kh5 Rh6+ 77. Kg5 Bf8 78. a8=Q Rg6+ 79. Kf5 Re6 80. Qxf8+ Kxh7 
81. Qg7# 1-0

[Event "Thursday Night Engine Tour 7rd Swiss 12m+1s Starts at 2200hrs ST"]
[Site "Infinity Chess"]
[Date "2018.4.5"]
[Round "1"]
[White "Seliga"]
[Black "beka"]
[Result "1/2-1/2"]
[ECO "C50"]
[WhiteElo "2460"]
[BlackElo "2346"]
[WhiteEngine "SF9 ''M24''_CTG"]
[BlackEngine "stockfish_18032408_32bit"]
[EventType "Swiss"]
[WhiteTeam ""]
[BlackTeam ""]
[PlyCount "113"]
[TimeControl "720+1"]

1. e4 e5 2. Nf3 Nc6 3. Bc4 Bc5 4. d3 Nf6 5. c3 d6 6. Nbd2 a5 7. O-O O-O 
8. Re1 h6 9. h3 Be6 10. Bxe6 fxe6 11. Nb3 Ba7 12. Be3 Bxe3 13. Rxe3 a4 
14. Nbd2 Nd7 15. d4 exd4 16. cxd4 e5 17. dxe5 Ndxe5 18. Qe2 Ng6 19. Qb5 Qc8 
20. Qc4+ Kh8 21. Nf1 Rxf3 22. Rxf3 Nge5 23. Qc3 Nxf3+ 24. Qxf3 Qe6 25. Qd3 Qf6 
26. Rb1 Rf8 27. f3 Ne5 28. Qc3 d5 29. Nd2 Qb6+ 30. Kh1 d4 31. Qa3 Ng6 
32. Qxa4 d3 33. e5 Nf4 34. Qa3 c5 35. e6 Qxe6 36. Qxc5 Re8 37. Qd4 Qe3 
38. Qxe3 Rxe3 39. Ne4 Re2 40. g3 Nxh3 41. Rd1 Rxe4 42. Kg2 Nf4+ 43. gxf4 Re2+ 
44. Kg3 Rxb2 45. Rxd3 Rxa2 46. Rb3 Kh7 47. Rxb7 Kg6 48. Rb6+ Kf5 49. Rb5+ Kg6 
50. Rb6+ Kf5 51. Rb7 Ra5 52. Rxg7 Ra6 53. Rg4 Rd6 54. Kh4 Rd5 55. Kh5 Rd6 
56. Rg7 Kxf4 57. Rg4+ 1/2-1/2